 Dungeon Crawl Stone Soup version 0.21-a0-39-g28ea6b7 (webtiles) character file.

50 Multipenetrator the Vexing (level 3, 0/20 HPs)
             Began as a Deep Elf Arcane Marksman on May 28, 2017.
             Slain by a hobgoblin
             ... wielding a +0 club
              (4 damage)
             ... on level 2 of the Dungeon on May 30, 2017.
             The game lasted 00:15:34 (2257 turns).

Multipenetrator the Vexing (DEAM)                   Turns: 2257, Time: 00:15:35

Health: 0/20       AC:  2    Str:  7    XL:     3   Next: 55%
Magic:  8/8        EV: 13    Int: 18    God:
Gold:   115        SH:  0    Dex: 15    Spells: 3/6 levels left

rFire    . . .     SeeInvis .   b - +0 short sword
rCold    . . .     Gourm    .   (no shield)
rNeg     . . .     Faith    .   e - +0 robe
rPois    .         Spirit   .   (no helmet)
rElec    .         Reflect  .   (no cloak)
rCorr    .         Harm     .   (no gloves)
MR       .....                  (no boots)
Stlth    +.........             (no amulet)
Regen    0.1/turn               o - ring of flight
MPRegen  0.2/turn               (no ring)

@: no status effects
A: no striking features
a: Evoke Flight


You were on level 2 of the Dungeon.
You were hungry.

You visited 1 branch of the dungeon, and saw 2 of its levels.

You collected 115 gold pieces.

Inventory:

Hand Weapons
 a - a +0 shortbow
 b - a +0 short sword (weapon)
 j - a +0 dagger
 r - a +0 club
Missiles
 d - 14 arrows
Armour
 e - a +0 robe (worn)
Jewellery
 o - a ring of flight (left hand)
 v - a +1 ring of protection {unknown}
Wands
 n - a wand of flame (21/48)
 u - a wand of acid (4/15)
Scrolls
 g - 2 scrolls of immolation {unknown}
 h - a scroll of teleportation {unknown}
 l - 4 scrolls of identify {unknown}
 s - a scroll of remove curse {unknown}
 t - a scroll of random uselessness {unknown}
Potions
 i - a potion of heal wounds {unknown}
 k - a potion of curing {unknown}
 m - a potion of degeneration {unknown}
 p - 2 potions of haste {unknown}
Books
 c - a book of Debilitation

   Spells                             Type                      Level
   a - Corona                         Hexes                        1
   b - Slow                           Hexes                        2
   c - Inner Flame                    Hexes/Fire                   3
   d - Portal Projectile              Hexes/Translocation          3
   e - Cause Fear                     Hexes                        4
   f - Leda's Liquefaction            Hexes/Earth                  4
Comestibles
 f - 3 bread rations
 q - 7 chunks of flesh


   Skills:
 + Level 1.0 Fighting
 + Level 0.8 Short Blades
 + Level 2.8 Bows
 + Level 2.9 Dodging
 + Level 2.3 Spellcasting
 + Level 4.6 Hexes


You had 3 spell levels left.
You knew the following spells:

 Your Spells              Type           Power        Failure   Level  Hunger
a - Corona                Hex            ###....      2%          1    #......
b - Slow                  Hex            ###.....     4%          2    ##.....


Dungeon Overview and Level Annotations

Branches:
Dungeon (2/15)

Altars:
Gozag
Yredelemnul


Message History

The hobgoblin hits you but does no damage.
You completely miss the hobgoblin.
The hobgoblin is heavily wounded.
The hobgoblin hits you with a club.
You barely miss the hobgoblin.
The hobgoblin is heavily wounded.
The hobgoblin hits you with a club.
You closely miss the hobgoblin.
The hobgoblin is heavily wounded.
The hobgoblin hits you with a club.
You barely miss the hobgoblin.
The hobgoblin is heavily wounded.
The hobgoblin barely misses you.
You closely miss the hobgoblin.
The hobgoblin is heavily wounded.
The hobgoblin hits you with a club.
* * * LOW HITPOINT WARNING * * *
You are feeling hungry.
The hobgoblin hits you with a club.
You die...

#........#.8...8.#.
#####........#.......#.
#................_.....
#............#.......#. ..
#............#.8...8.#. ...
#............##.....##.
...#####.............###.###..
............g.................
.........###.@...........####.
.........# ##...........#####.
.......÷.####..............##.
.........'..+.................
.........####.......###.##.###
.........÷.......###<##.##.# #
.................###.##.##.###
##>...........................
#####'######...........######+#..


You could see a hobgoblin.

Vanquished Creatures
  An ooze (D:2)
  A dart slug (D:2)
  8 bats
  A giant cockroach (D:1)
  2 goblins (D:2)
  7 hobgoblins
  5 jackals
  A quokka (D:2)
  A frilled lizard (D:2)
  5 kobolds (D:1)
  8 rats
40 creatures vanquished.

Notes
Turn   | Place    | Note
-------+----------+-------------------------------------------
     0 | D:1      | Multipenetrator the Deep Elf Arcane Marksman began the quest for the Orb.
     0 | D:1      | Reached XP level 1. HP: 11/11 MP: 5/5
   270 | D:1      | Reached XP level 2. HP: 16/16 MP: 4/6
   274 | D:1      | Learned a level 2 spell: Slow
   819 | D:1      | Reached skill level 1 in Fighting
  1581 | D:2      | Reached XP level 3. HP: 20/20 MP: 5/8
  1624 | D:2      | Found an opulent altar of Gozag.
  1718 | D:2      | Found a basalt altar of Yredelemnul.
  1847 | D:2      | Upgraded the game from 0.21-a0-33-g8b44e26 to 0.21-a0-39-g28ea6b7
  2257 | D:2      | Slain by a hobgoblin

Vault maps used:
D:1:      denvon_arrival_planthouse
D:2:      grunt_gozag_statues, lemuel_round_altar

Skill      XL: |  1  2 |
---------------+-------+-----
Fighting       | 1 |  1.0
Spellcasting   | 2 |  2.3
Short Blades   | |  0.8
Bows           | |  2.8
Dodging        | |  2.9
Hexes          | |  4.6

Action                   || total
-------------------------++-------
Melee: Short sword       ||   135
 Fire: Shortbow          ||    26
 Cast: Corona            ||    22
       Slow              ||    23
Evoke: Wand              ||     3
 Stab: Sleeping          ||     1
  Eat: Chunk             ||     6
Armor: Robe              ||    29
Dodge: Dodged            ||   121
